[Event "Titled Tuesday Blitz April 11 Late 2023"]
[White "Sargsyan, Shant"]
[Black "Averjanov, Alexey"]
[WhiteFideId "13306766"]
[BlackFideId "14109867"]
[WhiteElo "2628"]
[BlackElo "2399"]
[Result "1-0"]
[Round "06"]
[TimeControl "180+2"]
[Date "2023.04.11"]
[WhiteClock "0:01:57"]
[BlackClock "0:00:03"]

1. g3 c5 2. Nf3 Nc6 3. Bg2 g6 4. c4 Bg7 5. d3 e6 6. Nc3 Nge7 7. h4 h5 8. Qd2 O-O 9. b3 b6 10. Bb2 Bb7 11. Ne4 e5 12. Nd6 Ba6 13. Ng5 Qc7 14. Nb5 Qd8 15. O-O Nf5 16. Nc3 Bb7 17. Nd5 d6 18. a3 Nfe7 19. b4 Nxd5 20. Bxd5 Qd7 21. f4 exf4 22. Bxg7 Kxg7 23. Rxf4 Ne5 24. Bxb7 Qxb7 25. Raf1 Rae8 26. Qb2 Kg8 27. bxc5 dxc5 28. Ne4 Re6 29. Nf6+ Kg7 30. Nd5 Kh7 31. Rf6 Qc6 32. Qxe5 Rxe5 33. Rxc6 Rxe2 34. Rc7 Kg7 35. Nf4 Re3 36. Kg2 Rfe8 37. Nd5 Re2+ 38. Kh3 Rf8 39. Rxa7 Rd2 40. Nf4 Re8 41. Nd5 Rf8 42. Rf3 Rb2 43. a4 Ra2 44. Nxb6 Kh6 45. Rfxf7 Rxf7 46. Rxf7 g5 47. Rf6+ Kg7 48. hxg5 Rd2 49. Nd5 Rxd3 50. Nf4 Rc3 51. Nxh5+ Kh7 52. Rh6+ Kg8 53. g6 Rxc4 54. g7 Rxa4 55. Rh8+ Kf7 56. g8=Q+ Ke7 57. Qd8+ Ke6 58. Re8+ Kf7 59. Qd7+ Kg6 60. Re6+ Kg5 61. Qd5# 1-0


[Site "https://www.chess.com"]

[Event "Titled Tuesday Blitz April 11 Late 2023"]
[White "Sadhwani, Raunak"]
[Black "Yanchenko, Roman"]
[WhiteFideId "35093487"]
[BlackFideId "4137329"]
[WhiteElo "2631"]
[BlackElo "2491"]
[Result "0-1"]
[Round "06"]
[TimeControl "180+2"]
[Date "2023.04.11"]
[WhiteClock "0:00:14"]
[BlackClock "0:00:44"]

1. Nf3 Nf6 2. b3 d5 3. Bb2 Bf5 4. g3 e6 5. Bg2 Be7 6. O-O O-O 7. d3 Nbd7 8. Nbd2 h6 9. Re1 c6 10. e4 dxe4 11. dxe4 Bh7 12. Qe2 Qc7 13. h3 Rad8 14. a3 a5 15. Rad1 Bc5 16. Kh1 Ba7 17. Nh2 Qb6 18. Rf1 a4 19. b4 Qc7 20. f4 Rfe8 21. Ng4 Nxg4 22. Qxg4 e5 23. f5 Kh8 24. Qe2 Bg8 25. Nf3 f6 26. g4 b5 27. Nd2 Nb6 28. Bc1 Nc4 29. Nf3 Nd6 30. Nd2 Bc4 31. Nxc4 Nxc4 32. h4 Rxd1 33. Rxd1 Rd8 34. g5 Rxd1+ 35. Qxd1 Be3 36. Bxe3 Nxe3 37. Qh5 Qd8 38. gxf6 Qxf6 39. Bf3 Kh7 40. Kg1 g6 41. fxg6+ Qxg6+ 42. Qxg6+ Kxg6 43. c3 Kf6 44. Kf2 Nc4 45. Ke2 Nxa3 46. Kd3 Nc4 47. Kc2 a3 0-1


[Site "https://www.chess.com"]

[Event "Titled Tuesday Blitz April 11 Late 2023"]
[White "Mikhailovsky, Vladimir"]
[Black "Eljanov, Pavel"]
[WhiteFideId "34105414"]
[BlackFideId "14102951"]
[WhiteElo "2275"]
[BlackElo "2598"]
[Result "0-1"]
[Round "06"]
[TimeControl "180+2"]
[Date "2023.04.11"]
[WhiteClock "0:00:01"]
[BlackClock "0:00:13"]

1. e4 c6 2. c4 d5 3. cxd5 cxd5 4. exd5 Nf6 5. Qa4+ Nbd7 6. Nc3 g6 7. Nf3 Bg7 8. Bc4 a6 9. d3 O-O 10. Qa3 Nb6 11. Qb3 Nxc4 12. dxc4 b5 13. cxb5 axb5 14. O-O Bb7 15. Rd1 Qa5 16. Bg5 b4 17. Bxf6 exf6 18. Ne4 Rfd8 19. Qe3 Rxd5 20. Nd6 Rd8 21. Rxd5 Bxd5 22. Qe7 Bf8 23. Nb7 Bxe7 24. Nxa5 Ra8 25. Re1 Rxa5 26. Rxe7 Rxa2 27. h4 Bxf3 28. gxf3 Rxb2 29. h5 Kg7 30. Kg2 g5 31. f4 b3 32. Rb7 Rb1 33. Rb6 g4 34. Kg3 b2 35. Kg2 Kh6 36. Rxf6+ Kxh5 37. Rb6 f6 38. Rb5+ Kg6 39. Kh2 h5 40. Kg2 h4 41. Kh2 h3 42. Rb6 Kf5 43. Rb4 Ke6 44. Rb6+ Kd5 45. Rb4 Kc5 46. Rb8 Kd4 47. Rb4+ Kd3 48. Rb8 Ke2 49. f5 Kxf2 50. Rb4 g3+ 51. Kxh3 Rh1+ 52. Kg4 b1=Q 53. Rf4+ Kg2 54. Rf1 Rxf1 0-1


[Site "https://www.chess.com"]

[Event "Titled Tuesday Blitz April 11 Late 2023"]
[White "Ibarra Jerez, Jose Carlos"]
[Black "Barp, Alberto"]
[WhiteFideId "2226332"]
[BlackFideId "872555"]
[WhiteElo "2638"]
[BlackElo "2313"]
[Result "1-0"]
[Round "06"]
[TimeControl "180+2"]
[Date "2023.04.11"]
[WhiteClock "0:00:40"]
[BlackClock "0:00:19"]

1. e4 e5 2. Nf3 Nc6 3. Bb5 a6 4. Bxc6 dxc6 5. O-O f6 6. d4 exd4 7. Nxd4 c5 8. Nb3 Qxd1 9. Rxd1 Bd7 10. Bf4 O-O-O 11. Nc3 Be6 12. Rxd8+ Kxd8 13. Rd1+ Kc8 14. Nd5 Bxd5 15. Rxd5 b6 16. f3 Ne7 17. Rd1 Nc6 18. Kf2 c4 19. Nc1 g5 20. Be3 Bd6 21. Bxb6 Be5 22. Bc5 Bxb2 23. Ne2 Rd8 24. Rxd8+ Kxd8 25. c3 Kd7 26. Ke3 Ne5 27. Kd2 Nd3 28. Bd4 Ke6 29. g3 Ba3 30. f4 Bd6 31. f5+ Ke7 32. Nc1 c5 33. Bg1 Ne5 34. Ke3 g4 35. Bf2 h5 36. Ne2 Nd3 37. Bg1 Be5 38. Kd2 Kd6 39. Be3 Kc6 40. Nf4 Bxf4 41. gxf4 Kb5 42. Ke2 Ka4 43. e5 fxe5 44. f6 exf4 45. f7 f3+ 46. Kd2 1-0


[Site "https://www.chess.com"]

[Event "Titled Tuesday Blitz April 11 Late 2023"]
[White "Kamsky, Gata"]
[Black "Nazari, Arad"]
[WhiteFideId "2000024"]
[BlackFideId "12577324"]
[WhiteElo "2660"]
[BlackElo "2242"]
[Result "1-0"]
[Round "06"]
[TimeControl "180+2"]
[Date "2023.04.11"]
[WhiteClock "0:00:44"]
[BlackClock "0:00:01"]

1. d4 Nf6 2. Nf3 g6 3. c3 Bg7 4. Bf4 O-O 5. Nbd2 b6 6. h3 Bb7 7. e3 d6 8. a4 a6 9. Bc4 Nbd7 10. O-O Ne4 11. Nxe4 Bxe4 12. Bh2 e5 13. Nd2 Bb7 14. Re1 Qe7 15. b4 Rfe8 16. Nf3 h6 17. Rc1 Kh7 18. Bf1 f5 19. a5 b5 20. c4 bxc4 21. Rxc4 Rec8 22. dxe5 dxe5 23. Qc2 c5 24. bxc5 Bxf3 25. gxf3 Rxc5 26. Rxc5 Qxc5 27. Qxc5 Nxc5 28. Rb1 g5 29. f4 gxf4 30. exf4 e4 31. Bg3 Bd4 32. Kh2 Rd8 33. Rb6 e3 34. fxe3 Bxe3 35. Rb2 Rd2+ 36. Rxd2 Bxd2 37. Bf2 Ne4 38. Bd4 Bxf4+ 39. Kg2 Bc7 40. Bb6 Bxb6 41. axb6 Nc5 42. Kf3 a5 43. Ke3 a4 44. Kd4 a3 45. Bc4 Nb7 46. Kc3 f4 47. Bd5 Nd6 48. Kb3 Kg6 49. Kxa3 Kf5 50. Kb4 Ke5 51. Kc5 h5 52. h4 1-0


[Site "https://www.chess.com"]

[Event "Titled Tuesday Blitz April 11 Late 2023"]
[White "Durarbayli, Vasif"]
[Black "De La Colina, Nicolas"]
[WhiteFideId "13402935"]
[BlackFideId "30946921"]
[WhiteElo "2551"]
[BlackElo "2046"]
[Result "1-0"]
[Round "06"]
[TimeControl "180+2"]
[Date "2023.04.11"]
[WhiteClock "0:00:38"]
[BlackClock "0:00:01"]

1. e4 c5 2. Nf3 Nc6 3. d4 cxd4 4. Nxd4 Nf6 5. Nc3 d6 6. Bg5 Bd7 7. Nb3 h6 8. Bxf6 gxf6 9. f4 a6 10. Qh5 Rc8 11. O-O-O b5 12. Kb1 Rg8 13. h3 e6 14. f5 Rg5 15. Qf3 Be7 16. g4 Rg8 17. Qe3 Rh8 18. h4 Ne5 19. Rg1 Qc7 20. Nd4 b4 21. fxe6 fxe6 22. Nce2 Nc4 23. Qc1 a5 24. Nf4 Kf7 25. Bh3 e5 26. Nd5 Qb7 27. Nf5 Bf8 28. Rgf1 a4 29. Nfe3 Nxe3 30. Rxf6+ Ke8 31. Qxe3 Be7 32. Nxe7 Kxe7 33. Rfxd6 Be6 34. Rxe6+ Kxe6 35. g5+ Ke7 36. Bxc8 Rxc8 37. gxh6 Qc6 38. Qg5+ Ke8 39. Qxe5+ Kf7 40. Qg7+ Ke8 41. Qe5+ Kf7 42. Rf1+ Kg6 43. Qg5+ 1-0


[Site "https://www.chess.com"]

[Event "Titled Tuesday Blitz April 11 Late 2023"]
[White "Iliaguev, Nisim"]
[Black "Melkumyan, Hrant"]
[WhiteFideId "2817276"]
[BlackFideId "13302485"]
[WhiteElo "2241"]
[BlackElo "2604"]
[Result "0-1"]
[Round "06"]
[TimeControl "180+2"]
[Date "2023.04.11"]
[WhiteClock "0:00:30"]
[BlackClock "0:01:09"]

1. d4 d5 2. g3 Bf5 3. Bg2 e6 4. Nf3 h6 5. O-O c6 6. c4 Nd7 7. Nc3 Ngf6 8. Nd2 Be7 9. e4 dxe4 10. Ndxe4 O-O 11. Be3 a5 12. Rc1 Nxe4 13. Nxe4 Nf6 14. Nc5 Qb6 15. Na4 Qa6 16. Qb3 Be4 17. Rfd1 Bxg2 18. Kxg2 Rfd8 19. Qb6 Qxb6 20. Nxb6 Ra6 21. Na4 b5 22. Nc5 Bxc5 23. dxc5 Rxd1 24. Rxd1 bxc4 25. Rd8+ Kh7 26. Rd4 c3 27. bxc3 Nd5 28. Bd2 e5 29. Ra4 Nf6 30. c4 Ra7 31. Rxa5 Rd7 32. Be3 Ng4 33. Ra3 e4 34. h3 Ne5 35. Ra4 Rd1 36. h4 Nf3 37. g4 g5 38. hxg5 hxg5 39. Ra6 f5 40. Bxg5 Rg1+ 0-1


[Site "https://www.chess.com"]

[Event "Titled Tuesday Blitz April 11 Late 2023"]
[White "Keymer, Vincent"]
[Black "Idani, Pouya"]
[WhiteFideId "12940690"]
[BlackFideId "12510130"]
[WhiteElo "2651"]
[BlackElo "2574"]
[Result "1-0"]
[Round "06"]
[TimeControl "180+2"]
[Date "2023.04.11"]
[WhiteClock "0:01:05"]
[BlackClock "0:00:08"]

1. a3 g6 2. Nf3 Bg7 3. d4 Nf6 4. b4 O-O 5. Bb2 a5 6. b5 d5 7. e3 a4 8. c4 dxc4 9. Bxc4 Nbd7 10. O-O Nb6 11. Ba2 Ne4 12. Nc3 Nd6 13. Qd3 Bd7 14. Rab1 Ra5 15. Ba1 Qe8 16. Rfc1 Nxb5 17. Nxb5 Bxb5 18. Qc3 Qa8 19. Qxc7 Nc4 20. Bxc4 Rc8 21. Bxf7+ 1-0


[Site "https://www.chess.com"]

[Event "Titled Tuesday Blitz April 11 Late 2023"]
[White "Kovalev, Vladislav"]
[Black "Kleiman, Jake"]
[WhiteFideId "13504398"]
[BlackFideId "2020041"]
[WhiteElo "2555"]
[BlackElo "2399"]
[Result "1/2-1/2"]
[Round "06"]
[TimeControl "180+2"]
[Date "2023.04.11"]
[WhiteClock "0:00:10"]
[BlackClock "0:00:16"]

1. e4 e5 2. Nf3 Nc6 3. Bb5 a6 4. Ba4 Nf6 5. O-O b5 6. Bb3 Bc5 7. d3 d6 8. a4 Rb8 9. axb5 axb5 10. h3 O-O 11. Nc3 h6 12. Be3 Bb6 13. Bxb6 Rxb6 14. Ra8 Qe7 15. Qd2 Bd7 16. Rxf8+ Qxf8 17. Ra1 Rb8 18. Nd5 Nxd5 19. Bxd5 Ne7 20. Bb3 Ra8 21. Ra5 Ng6 22. Qe1 Nf4 23. Qa1 Bc6 24. Qa2 Rxa5 25. Qxa5 Qb8 26. Kf1 Bd7 27. Ng1 Kf8 28. Ne2 Ne6 29. c3 Nc5 30. Bc2 Bc6 31. b4 Ne6 32. Bb3 Qb7 33. f3 d5 34. Qa2 dxe4 35. dxe4 Nd8 36. h4 Qb6 37. Qd2 Ke8 38. Ng3 Bd7 39. Nf5 Bxf5 40. exf5 Qf6 41. Qd3 c6 42. g3 Nb7 43. Qe4 Kd7 44. Ke2 Nd6 45. Qd3 Kc7 46. g4 Qxh4 47. Qe3 Kb7 48. Qxe5 Qd8 49. Ke3 Kc7 50. Kf2 Qh4+ 51. Kg2 Qd8 52. Qxg7 Qe7 53. Kf2 Qh4+ 54. Kg1 Qg3+ 55. Kf1 Qxf3+ 56. Kg1 Qe3+ 57. Kg2 Qe4+ 58. Kg3 Qe3+ 59. Kg2 Kb6 60. Qd4+ Qxd4 61. cxd4 f6 62. Kh3 Ne4 63. Kh4 Nd2 64. Bc2 Nf3+ 65. Kh5 Nxd4 66. Bd1 c5 67. bxc5+ Kxc5 68. Kxh6 Kd6 69. g5 Nxf5+ 70. Kg6 fxg5 71. Kxf5 Kc5 72. Kxg5 Kd4 73. Kf5 Kc3 74. Ke5 b4 75. Kd5 Kd2 76. Kc4 b3 77. Kxb3 1/2-1/2


[Site "https://www.chess.com"]

[Event "Titled Tuesday Blitz April 11 Late 2023"]
[White "Lobanov, Sergei"]
[Black "Sieciechowicz, Marcin"]
[WhiteFideId "24183750"]
[BlackFideId "1130170"]
[WhiteElo "2489"]
[BlackElo "2302"]
[Result "1-0"]
[Round "06"]
[TimeControl "180+2"]
[Date "2023.04.11"]
[WhiteClock "0:00:11"]
[BlackClock "0:00:04"]

1. d4 Nf6 2. c4 c6 3. Nf3 d5 4. e3 Bf5 5. Nc3 e6 6. Nh4 Bg6 7. Nxg6 hxg6 8. Bd2 Nbd7 9. cxd5 exd5 10. Qc2 Bd6 11. O-O-O Qc7 12. h3 O-O-O 13. Kb1 Kb8 14. Rc1 Nb6 15. Bd3 Qe7 16. Qb3 Rhe8 17. Rc2 g5 18. f3 g6 19. Rhc1 Nfd7 20. a4 Bb4 21. a5 Bxa5 22. Nxd5 Nxd5 23. Bxa5 Rc8 24. e4 N5b6 25. Bb4 Qe6 26. Qa3 f5 27. Rc3 fxe4 28. fxe4 g4 29. Bd6+ Ka8 30. Kc2 c5 31. Ra1 a6 32. dxc5 Nxc5 33. Bxc5 Nd7 34. Bd4 gxh3 35. gxh3 Qxh3 36. Bxa6 Rxc3+ 37. bxc3 bxa6 38. Qxa6+ Kb8 39. Qc6 Qg2+ 40. Kb3 1-0


[Site "https://www.chess.com"]

[Event "Titled Tuesday Blitz April 11 Late 2023"]
[White "Goltsev, Dmitry"]
[Black "Tarlabasi, Emirhan"]
[WhiteFideId "24176710"]
[BlackFideId "6350275"]
[WhiteElo "2336"]
[BlackElo "2200"]
[Result "1-0"]
[Round "06"]
[TimeControl "180+2"]
[Date "2023.04.11"]
[WhiteClock "0:00:15"]
[BlackClock "0:00:08"]

1. e4 e6 2. d4 d5 3. exd5 exd5 4. Nf3 Nc6 5. c4 Nf6 6. Nc3 Bb4 7. Be2 O-O 8. O-O h6 9. a3 Bxc3 10. bxc3 Be6 11. c5 b6 12. cxb6 axb6 13. h3 Qd6 14. a4 Ne4 15. Ba3 Qf4 16. Bxf8 Nxc3 17. Qc2 Nxe2+ 18. Qxe2 Rxf8 19. Qe3 Qf6 20. Rfc1 Bf5 21. Ne5 Nxe5 22. Qxe5 Qxe5 23. dxe5 c5 24. a5 bxa5 25. Rxc5 d4 26. Raxa5 d3 27. Rd5 h5 28. Rd4 Rc8 29. g4 hxg4 30. hxg4 Bg6 31. f4 Rc1+ 32. Kf2 Rc2+ 33. Kg3 Rc3 34. f5 d2+ 35. Kf4 Rc4 36. Ra8+ Kh7 37. fxg6+ Kxg6 38. Rxc4 d1=Q 39. Ra6+ Kh7 40. Rac6 Qf1+ 41. Ke4 Qe2+ 42. Kd5 Qd3+ 43. Kc5 Qe3+ 44. Kd6 Qd3+ 45. Ke7 Qe2 46. R4c5 Qf3 47. g5 Qf5 48. e6 Qe4 49. Kxf7 Qf4+ 50. Ke7 Kg6 51. Kd7 Qd4+ 52. Kc8 Qg4 53. Kd8 Qd4+ 54. Ke8 Kh7 55. e7 Kg8 56. Rc7 Qd3 57. Rd7 Qa6 58. Rdc7 Qa8+ 59. Rc8 Qa7 60. g6 Qb7 61. R5c6 Qa7 62. Kd8 Qa5+ 63. Kd7+ 1-0


[Site "https://www.chess.com"]

[Event "Titled Tuesday Blitz April 11 Late 2023"]
[White "Kavutskiy, Konstantin"]
[Black "Leitao, Rafael"]
[WhiteFideId "2026384"]
[BlackFideId "2101246"]
[WhiteElo "2323"]
[BlackElo "2609"]
[Result "1-0"]
[Round "06"]
[TimeControl "180+2"]
[Date "2023.04.11"]
[WhiteClock "0:00:53"]
[BlackClock "0:00:30"]

1. d4 Nf6 2. Bg5 g6 3. Bxf6 exf6 4. c4 d5 5. cxd5 Qxd5 6. Nc3 Qd8 7. g3 Bg7 8. Bg2 O-O 9. e3 f5 10. Nge2 c6 11. O-O Nd7 12. b4 a6 13. a4 h5 14. Rb1 h4 15. b5 axb5 16. axb5 c5 17. Qb3 hxg3 18. hxg3 cxd4 19. Nxd4 Ne5 20. Rfd1 Qg5 21. Nd5 Ng4 22. Nf3 Qh5 23. Ne7+ Kh8 24. Nxc8 Raxc8 25. Rd7 Rc3 26. Qd5 Nf6 27. Qxb7 Nxd7 28. Qxd7 Rfc8 29. Rd1 R3c7 30. Qd5 Rb8 31. b6 Rcb7 32. Rb1 Bf6 33. Qc6 Bd8 34. Ne5 Bxb6 35. Qf6+ Kg8 36. Bxb7 Rxb7 37. Rxb6 Qd1+ 38. Kg2 Qd5+ 39. Nf3 Rxb6 40. Qxb6 g5 41. Qd4 Qc6 42. Qd8+ 1-0


[Site "https://www.chess.com"]

[Event "Titled Tuesday Blitz April 11 Late 2023"]
[White "Zarnicki, Pablo"]
[Black "Remizov, Yaroslav"]
[WhiteFideId "100137"]
[BlackFideId "34134015"]
[WhiteElo "2468"]
[BlackElo "2412"]
[Result "1-0"]
[Round "06"]
[TimeControl "180+2"]
[Date "2023.04.11"]
[WhiteClock "0:00:24"]
[BlackClock "0:00:11"]

1. e4 c6 2. d4 d5 3. e5 c5 4. Nf3 Nc6 5. dxc5 Bg4 6. c3 e6 7. h3 Bxf3 8. Qxf3 Nxe5 9. Bb5+ Nc6 10. b4 Nf6 11. O-O Be7 12. c4 O-O 13. Bxc6 bxc6 14. Bb2 a5 15. a3 Qb8 16. cxd5 cxd5 17. Qc3 Rc8 18. Nd2 h6 19. Nb3 axb4 20. axb4 Rxa1 21. Rxa1 Bf8 22. Qg3 Ne4 23. Qxb8 Rxb8 24. Ba3 Nc3 25. Na5 e5 26. Nc6 Re8 27. Bb2 Nb5 28. Nxe5 d4 29. Nd3 Rb8 30. Kf1 Be7 31. Ra6 Bf6 32. Rb6 Rxb6 33. cxb6 Nd6 34. Nc5 Bd8 35. b7 Bc7 36. Na6 Nxb7 37. Nxc7 d3 38. Nd5 Nd6 39. Ke1 Nc4 40. Bc3 f6 41. Ne3 Nb6 42. Kd2 Kf7 43. Kxd3 Ke6 44. Bd4 Nc8 45. Bc5 Kd7 46. Nf5 g6 47. Nxh6 f5 48. g4 fxg4 49. hxg4 Ke6 50. f4 Kd5 51. f5 gxf5 52. gxf5 Na7 53. Bxa7 Kd6 54. Bc5+ Ke5 55. f6 Ke6 56. f7 Kd7 57. b5 Ke6 58. b6 Kd5 59. Bg1 Kc6 60. f8=Q Kd5 61. Qd6+ Kxd6 62. Kc4 Kc6 63. Kb4 Kb7 64. Kb5 Kc8 65. Kc6 Kb8 66. Bh2+ Ka8 67. b7+ Ka7 68. b8=Q+ Ka6 69. Qb7+ Ka5 70. Qb6+ Ka4 71. Qb2 Ka5 72. Qb3 Ka6 73. Qa2# 1-0


[Site "https://www.chess.com"]

[Event "Titled Tuesday Blitz April 11 Late 2023"]
[White "Girsh, Daniel"]
[Black "Klukin, Kirill"]
[WhiteFideId "30949190"]
[BlackFideId "24199273"]
[WhiteElo "2075"]
[BlackElo "2344"]
[Result "0-1"]
[Round "06"]
[TimeControl "180+2"]
[Date "2023.04.11"]
[WhiteClock "0:00:09"]
[BlackClock "0:01:01"]

1. e4 c5 2. Nf3 Nc6 3. d4 cxd4 4. Nxd4 e5 5. Nb5 d6 6. c4 Be7 7. Be2 Be6 8. O-O Nf6 9. N5c3 O-O 10. Be3 Rc8 11. b3 a6 12. f3 Nd7 13. Nd5 Bg5 14. Bf2 Nc5 15. Nbc3 f5 16. exf5 Bxf5 17. b4 Ne6 18. Ne4 Ncd4 19. Bd3 Bh6 20. Ng3 Bxd3 21. Qxd3 b5 22. cxb5 axb5 23. a4 bxa4 24. Rxa4 Ra8 25. Rfa1 Rxa4 26. Rxa4 Kh8 27. Bxd4 Nxd4 28. Ne4 Qc8 29. h4 Qc1+ 30. Kh2 Bf4+ 31. Nxf4 Qxf4+ 32. Kg1 Qxh4 33. Nxd6 Qe1+ 34. Kh2 Ne2 35. Nf7+ Kg8 36. Qc4 Qg1+ 37. Kh3 Qh1+ 38. Kg4 Qxg2+ 39. Kh4 Qg3+ 40. Kh5 Nf4+ 0-1


[Site "https://www.chess.com"]

[Event "Titled Tuesday Blitz April 11 Late 2023"]
[White "Bluebaum, Matthias"]
[Black "Vlassov, Nikolai"]
[WhiteFideId "24651516"]
[BlackFideId "4103360"]
[WhiteElo "2638"]
[BlackElo "2324"]
[Result "1-0"]
[Round "06"]
[TimeControl "180+2"]
[Date "2023.04.11"]
[WhiteClock "0:01:07"]
[BlackClock "0:00:09"]

1. d4 Nf6 2. c4 Nc6 3. Nf3 e6 4. g3 Bb4+ 5. Nc3 Bxc3+ 6. bxc3 b6 7. Bg2 Ba6 8. Ne5 O-O 9. Bg5 Bb7 10. Ng4 Na5 11. Bxb7 Nxb7 12. Qc1 Nd6 13. Qf4 Nde4 14. Bh4 h6 15. f3 g5 16. Nxh6+ Kh7 17. Bxg5 Nxg5 18. Qxg5 Ng8 19. Qxd8 Raxd8 20. Nxg8 Rxg8 21. Kf2 d6 22. a4 Rg5 23. Rhb1 Ra5 24. Rb5 Ra6 25. a5 c5 26. Rbb1 cxd4 27. cxd4 Rc8 28. axb6 Rxa1 29. Rxa1 axb6 30. Ra4 Kg6 31. Ke3 f5 32. Kd3 Kf6 33. Ra6 Rb8 34. Kc3 Ke7 35. Kb4 Rh8 36. h4 Rg8 37. Rxb6 Rxg3 38. Rb7+ Kf6 39. Rd7 Rg2 40. Rxd6 Rxe2 41. d5 Rf2 42. Rxe6+ Kf7 43. c5 Rxf3 44. c6 1-0


[Site "https://www.chess.com"]

[Event "Titled Tuesday Blitz April 11 Late 2023"]
[White "Djokic, Mihailo"]
[Black "Indjic, Aleksandar"]
[WhiteFideId "976440"]
[BlackFideId "911925"]
[WhiteElo "2294"]
[BlackElo "2614"]
[Result "0-1"]
[Round "06"]
[TimeControl "180+2"]
[Date "2023.04.11"]
[WhiteClock "0:00:01"]
[BlackClock "0:00:48"]

1. e4 c5 2. Nf3 e6 3. d4 cxd4 4. Nxd4 a6 5. Be2 Nc6 6. O-O Qc7 7. Nc3 Nf6 8. Be3 d6 9. f4 Bd7 10. Kh1 h5 11. Bf3 Be7 12. h3 Rc8 13. Nxc6 Bxc6 14. Qd3 Nd7 15. Rad1 b5 16. a3 Ba8 17. Bd4 e5 18. Be3 Qc4 19. Qd2 Nf6 20. fxe5 dxe5 21. Bg5 Rd8 22. Qf2 Rxd1 23. Rxd1 O-O 24. Qg3 Qc7 25. Bh6 g6 26. Bxf8 Bxf8 27. Nd5 Bxd5 28. exd5 Bd6 29. Qg5 Kg7 30. c3 e4 31. Be2 Bf4 32. Qh4 Qd6 33. Qf2 Be5 34. Qe3 Bf4 35. Qd4 Be5 36. Qb4 Qd7 37. d6 Qf5 38. Rf1 Qg5 39. Kg1 Qe3+ 40. Kh1 Qg3 41. Kg1 e3 42. Rf4 Bxf4 43. Kf1 Qf2# 0-1


[Site "https://www.chess.com"]

[Event "Titled Tuesday Blitz April 11 Late 2023"]
[White "Licznerski, Lukasz"]
[Black "Klenburg, Michael"]
[WhiteFideId "1179250"]
[BlackFideId "14102072"]
[WhiteElo "2450"]
[BlackElo "2396"]
[Result "1-0"]
[Round "06"]
[TimeControl "180+2"]
[Date "2023.04.11"]
[WhiteClock "0:01:36"]
[BlackClock "0:01:35"]

1. e4 d6 2. d4 Nf6 3. Nc3 g6 4. Nf3 Bg7 5. Bc4 O-O 6. Bb3 c6 7. h3 d5 8. e5 Ne8 9. Bf4 Nc7 10. Qd2 Ne6 11. Bh6 b5 12. h4 a5 13. h5 Bh8 14. a4 b4 15. Ne2 Nd7 16. Nf4 Nb6 17. Nxe6 Bxe6 18. Ng5 Bf5 19. Nxh7 Re8 20. hxg6 Bxg6 21. Qg5 Kxh7 22. Bg7+ Kg8 23. Rxh8+ 1-0


[Site "https://www.chess.com"]

[Event "Titled Tuesday Blitz April 11 Late 2023"]
[White "Cori T., Deysi"]
[Black "Urazayev, Arystanbek"]
[WhiteFideId "3801934"]
[BlackFideId "13709810"]
[WhiteElo "2292"]
[BlackElo "2449"]
[Result "1-0"]
[Round "06"]
[TimeControl "180+2"]
[Date "2023.04.11"]
[WhiteClock "0:02:03"]
[BlackClock "0:00:26"]

1. d4 Nf6 2. Nf3 e6 3. e3 b6 4. Bd3 Bb7 5. O-O Be7 6. c4 O-O 7. Nc3 d5 8. cxd5 Nxd5 9. e4 Nxc3 10. bxc3 c5 11. Be3 cxd4 12. cxd4 Nc6 13. Qa4 Nb4 14. Bb1 f5 15. Qb3 fxe4 16. Qxe6+ Kh8 17. Bxe4 Rf6 18. Qg4 Nd5 19. Bg5 h6 20. Qh5 Nf4 21. Qh4 Bxe4 22. Bxf6 Ne2+ 23. Kh1 Bxf3 24. Qxh6+ Kg8 25. Qxg7# 1-0


[Site "https://www.chess.com"]

[Event "Titled Tuesday Blitz April 11 Late 2023"]
[White "Rosen, Eric"]
[Black "Mekhitarian, Krikor Sevag"]
[WhiteFideId "2032562"]
[BlackFideId "2107660"]
[WhiteElo "2331"]
[BlackElo "2604"]
[Result "0-1"]
[Round "06"]
[TimeControl "180+2"]
[Date "2023.04.11"]
[WhiteClock "0:00:03"]
[BlackClock "0:00:14"]

1. e4 c5 2. Nf3 e6 3. c4 Nc6 4. Be2 Nf6 5. Nc3 Qb6 6. O-O Be7 7. a3 O-O 8. b4 d6 9. Rb1 Qc7 10. d4 cxd4 11. Nxd4 a6 12. Be3 Ne5 13. Qb3 b6 14. f3 Bb7 15. Rfc1 Rac8 16. Na4 Ned7 17. Bf1 Rfe8 18. Qb2 Qb8 19. Qf2 Bd8 20. Nb3 Bc7 21. Nxb6 d5 22. Nxd7 Nxd7 23. g3 dxe4 24. f4 Nf6 25. Be2 Red8 26. h3 Rd3 27. Bxd3 exd3 28. Nd2 h5 29. Rc3 Rd8 30. Rbb3 Ne4 31. Nxe4 Bxe4 32. Bd2 Qb7 33. Rc1 Bb6 34. c5 Bc7 35. c6 Qb5 36. Kh2 Qd5 37. Rbc3 Qd6 38. Rc5 f5 39. h4 Qe7 40. R5c3 e5 41. Rd1 Qf6 42. fxe5 Bxe5 43. c7 Qxh4+ 44. Kg1 Qh1# 0-1


[Site "https://www.chess.com"]

[Event "Titled Tuesday Blitz April 11 Late 2023"]
[White "Lenaerts, Lennert"]
[Black "Tanenbaum, Zachary"]
[WhiteFideId "211435"]
[BlackFideId "2060850"]
[WhiteElo "2334"]
[BlackElo "2175"]
[Result "1-0"]
[Round "06"]
[TimeControl "180+2"]
[Date "2023.04.11"]
[WhiteClock "0:00:29"]
[BlackClock "0:00:06"]

1. d4 d5 2. c4 dxc4 3. Nf3 Nf6 4. e3 Bg4 5. Bxc4 e6 6. Nc3 Nc6 7. h3 Bh5 8. Bb5 Bb4 9. Qa4 Bxc3+ 10. bxc3 Bxf3 11. gxf3 O-O 12. Bxc6 bxc6 13. Qxc6 Rb8 14. Ba3 Re8 15. f4 Nd5 16. c4 Rb6 17. Qa4 Nxf4 18. exf4 Qa8 19. O-O e5 20. f5 exd4 21. Rfe1 Reb8 22. c5 Rh6 23. c6 Rxc6 24. Qxd4 Rh6 25. Bb2 Rf6 26. Re4 c5 27. Qe3 Rxf5 28. Bc3 h6 29. Rg4 Rb6 30. Rxg7+ Kf8 31. Re1 Re6 32. Qg3 Rxe1+ 33. Bxe1 Ke7 34. Qe3+ Kd7 35. Qd3+ Ke6 36. Bc3 Qb7 37. Qc4+ Kd6 38. Qd3+ Rd5 39. Qg6+ fxg6 40. Rxb7 Rd3 41. Bg7 Rxh3 42. Rxa7 Kd5 43. Ra6 h5 44. Rxg6 Ra3 45. Rg5+ Kc6 46. Rxc5+ Kd7 47. Rxh5 Rxa2 48. Kg2 Ke6 49. Bd4 Kf7 50. Be3 Kg6 51. Rh3 Kg7 52. Rf3 Ra6 53. Rg3+ Kh7 54. Rg4 Ra5 55. f4 Kh6 56. Kf3 Kh5 57. Rg5+ Rxg5 58. fxg5 Kg6 59. Kg4 Kh7 60. Kf5 Kg7 61. Bd4+ Kh7 62. g6+ Kg8 63. Kf6 Kf8 64. Bc5+ Kg8 65. g7 Kh7 66. Kf7 Kh6 67. g8=Q Kh5 68. Qg3 Kh6 69. Qg6# 1-0


[Site "https://www.chess.com"]

[Event "Titled Tuesday Blitz April 11 Late 2023"]
[White "Riehle, Marco"]
[Black "Ibadov, Dashgyn"]
[WhiteFideId "12904392"]
[BlackFideId "24107514"]
[WhiteElo "2462"]
[BlackElo "2208"]
[Result "1-0"]
[Round "06"]
[TimeControl "180+2"]
[Date "2023.04.11"]
[WhiteClock "0:01:31"]
[BlackClock "0:00:07"]

1. e4 c5 2. a3 e5 3. Nc3 Nf6 4. Bc4 Be7 5. d3 O-O 6. f4 d6 7. Nf3 Nc6 8. f5 a6 9. Bg5 b5 10. Bxf6 Bxf6 11. Bd5 Bb7 12. g4 Bh4+ 13. Kf1 Rb8 14. g5 Bxg5 15. Rg1 Bf4 16. Ne2 Nd4 17. Nexd4 cxd4 18. Qe2 Bxd5 19. exd5 Qf6 20. Qe4 Rfc8 21. Rg2 Rc5 22. Nxd4 exd4 23. Qxf4 Rxd5 24. Kg1 Rxf5 25. Qg3 Re8 26. Re1 Rxe1+ 27. Qxe1 Re5 28. Qg3 g6 29. h3 Qe6 30. Rf2 Re1+ 31. Kg2 Qd5+ 32. Qf3 Qg5+ 33. Qg4 Qd5+ 34. Qf3 Qxf3+ 35. Kxf3 f5 36. Kg3 Kf7 37. Rf4 Re2 38. Rxd4 Rxc2 39. Rxd6 Rxb2 40. Rxa6 Rb3 41. Kf4 Rxd3 42. h4 Rd4+ 43. Ke5 Re4+ 44. Kd5 Ra4 45. Rb6 Rxa3 46. Rxb5 Rh3 47. Ke5 Re3+ 48. Kf4 Re4+ 49. Kg3 Kf6 50. Rb6+ Kg7 51. Rb7+ Kh6 52. Ra7 Rg4+ 53. Kh3 Rc4 54. Kg3 Rc3+ 55. Kg2 f4 56. Rf7 Kh5 57. Rxh7+ Kg4 58. h5 Rc2+ 59. Kf1 g5 60. h6 Rh2 61. Kg1 Rh3 62. Kf2 Rh2+ 63. Kg1 Kg3 64. Rg7 Rg2+ 65. Kf1 g4 66. Rxg4+ 1-0


[Site "https://www.chess.com"]